 Dungeon Crawl Stone Soup version 0.29-a0-275-g389c0b56f3 (webtiles) character file.

Game seed: 16179190607908404586

1 spaghetti the Sneak (level 1, -2/18 HPs)
             Began as a Demonspawn Delver on Mar 11, 2022.
             Slain by a phantom (5 damage)
             ... on level 5 of the Dungeon.
             The game lasted 00:01:13 (659 turns).

spaghetti the Sneak (Demonspawn Delver)              Turns: 659, Time: 00:01:14

Health: -2/18      AC:  4    Str: 12    XL:     1   Next: 16%
Magic:  1/1        EV: 11    Int: 11    God:
Gold:   0          SH:  0    Dex: 14    Spells: 0/0 levels left

rFire   . . .      SeeInvis .     - Unarmed
rCold   . . .      Faith    .   (no shield)
rNeg    . . .      Spirit   .   a - +1 leather armour
rPois   .          Reflect  .   (no helmet)
rElec   .          Harm     .   (no cloak)
rCorr   .          Rampage  .   (no gloves)
Will    .....                   (no boots)
Stlth   ++........              (no amulet)
HPRegen 0.06/turn               (no ring)
MPRegen 0.07/turn               (no ring)

@: no status effects
A: no striking features
a: no special abilities


You were on level 5 of the Dungeon.
You visited 1 branch of the dungeon, and saw 3 of its levels.


   Skills:
 - Level 3.0 Fighting
 + Level 1.9 Dodging
 - Level 4.5 Stealth
 - Level 1.7 Unarmed Combat


You couldn't memorise any spells.
You didn't know any spells.
Your spell library was empty.

Inventory:

Armour
 a - a +1 leather armour (worn)
Wands
 f - a wand of digging (3)
Scrolls
 b - a scroll of fog
 c - a scroll of magic mapping {!r}

Dungeon Overview and Level Annotations

Branches:
Dungeon (6/15)
 Temple: D:4-7

Altars:

# # # ########### ##...
...# ##.######.#######
................########
......##...#...W@o......
.#.##...)....#.########.
.#.#####...#.<.# .#.#
##.###........
.#.######.# #########
.#........# .##########
.# .#


You could see a phantom and an orc.


Message History

Found a stone staircase leading up.
There is a stone staircase leading up here.
You climb upwards.
There is a stone staircase leading down here.
Unknown command.
Unknown command.
You start resting. 😎 HP[+15]
Your hp is fully restored (18).
You start waiting.
Done waiting.
As you open the door, it creaks loudly!
You hear a shout!
A hobgoblin comes into view.
A hobgoblin is nearby!
A hobgoblin is nearby!
A hobgoblin is nearby!
No target in range!
No target in range!
No target in range!
No target in range!
There is an open door here.
You barely miss the hobgoblin. You hit the hobgoblin.
The hobgoblin hits you. 😕 HP[-3]
You take 3 damage, and now have 15/18 hp.
You hit the hobgoblin but do no damage. The hobgoblin closely misses you.
You barely miss the hobgoblin. The hobgoblin closely misses you.
You hit the hobgoblin.
You kill the hobgoblin!
You see here a hobgoblin corpse. 😕 HP[+1]
An orc comes into view. It is wielding a +0 mace. 😎 HP[+2]
Your hp is fully restored (18).
An orc is nearby!
An orc is nearby!
An orc is nearby!
No target in range!
An orc comes into view. It is wielding a +0 flail.
An orc and an orc wizard come into view.
The orc shouts! x2; The orc wizard shouts!
The orc throws a boomerang.
The boomerang hits you.
The orc shouts! 😕 HP[-2]
You take 2 damage, and now have 16/18 hp.
You hear a shout!
A gnoll comes into view. It is wielding a +0 flail.
You barely miss the orc.
Unknown command.
As you open the door, it creaks loudly!
The orc throws a boomerang.
The boomerang hits you but does no damage.
There is an open door here.
There is an open door here. 😕 HP[+1]
You swing at nothing.
You swing at nothing.
You hit the orc. The orc misses you.
You closely miss the orc.
You swing at nothing.
The orc closely misses you.
You barely miss the orc. The orc hits you but does no damage.
The orc barely misses you.
You barely miss the orc. The orc barely misses you.
The orc hits you with a +0 whip. 😕 HP[-1]
You take 1 damage, and now have 16/18 hp.
You barely miss the orc. The orc hits you with a +0 flail.
The orc hits you with a +0 whip. 😮 HP[-6]
You take 6 damage, and now have 10/18 hp.
MASSIVE DAMAGE!! (PAUSE)
The orc attacks as you move away! The orc closely misses you.
The orc hits you but does no damage.
The orc throws a boomerang.
The boomerang closely misses you.
There is a stone staircase leading down here.
You climb downwards.
There is a stone staircase leading up here.
Unknown command.
Unknown command.
You start resting.
A phantom is nearby!
A phantom is nearby!
A phantom is nearby!
A phantom is nearby! 😮 HP[+1]
You hit the orc. The orc barely misses you.
You hit the orc but do no damage. The orc hits you with a +0 hand axe.
* * * LOW HITPOINT WARNING * * *
😨 HP[-6]
You take 6 damage, and now have 5/18 hp.
MASSIVE DAMAGE!! (PAUSE)
You aren't carrying any potions.
Okay, then.
You hit the orc but do no damage. The orc closely misses you.
You hit the orc but do no damage. The orc hits you with a +0 hand axe.
* * * LOW HITPOINT WARNING * * *
😱 HP[-2]
You take 2 damage, and now have 3/18 hp.
You hit the orc but do no damage. The phantom hits you.
You die...

Action                   || total
-------------------------++-------
Melee: Unarmed           ||    25
       Punch             ||     1
  Use: Scroll            ||     2
       Potion            ||     1
Armor: Leather armour    ||     3
Dodge: Dodged            ||    14

Levels and vault maps discovered:
D:4:      layout_gridville, minmay_temple_entry_mist
D:5:      layout_loops_ring, minmay_misc_feat_hallway
D:6:      layout_rooms, hangedman_decor_riveting,
          minmay_fractal_squares_diagonal_5, uniq_crazy_yiuf_cottage

Notes
Turn   | Place    | Note
-------+----------+-------------------------------------------
     0 | D:5      | spaghetti the Demonspawn Delver began the quest for the
                  | Orb.
     0 | D:5      | Reached XP level 1. HP: 18/18 MP: 1/1
     0 | D:5      | magus.rc [v1.9.6]
     2 | D:5      | Noticed an orc priest
     6 | D:6      | Noticed an iguana
     6 | D:6      | Noticed a black bear
     7 | D:6      | Noticed a hound
   202 | D:5      | Noticed a phantom
   206 | D:5      | HP: 2/18 [orc/+0 hand axe (3)]
   625 | D:4      | Noticed an orc wizard
   658 | D:5      | HP: 3/18 [orc/+0 hand axe (2)]
   659 | D:5      | Slain by a phantom

Vanquished Creatures
  A hobgoblin (D:4)
1 creature vanquished.

Table legend:
 A = Non-vault XP
 B = Vault XP
 C = Vault XP percentage of total XP
 D = Non-vault monster count
 E = Vault monster count
 F = Vault count percentage of total count
                 A         B        C        D         E       F
            +---------+---------+-------+---------+---------+-------
      Total |       2 |       0 |   0.0 |       1 |       0 |   0.0
            +---------+---------+-------+---------+---------+-------
        D:4 |       2 |       0 |   0.0 |       1 |       0 |   0.0
            +---------+---------+-------+---------+---------+-------

Illustrated notes

Table legend:
 A = Kills in this place as a percentage of kills in entire the game.
 B = Kills by you in this place as a percentage of kills by you in the entire game.
 C = Kills by friends in this place as a percentage of kills by friends in the entire game.
 D = Other kills in this place as a percentage of other kills in the entire game.
 E = Experience gained in this place as a percentage of experience gained in the entire game.
 F = Experience gained in this place divided by the number of levels of this place that you have seen.
                   A       B       C       D       E      F
               +-------+-------+-------+-------+-------+----------------------
         Total | 100.0 | 100.0 |   N/A |   N/A | 100.0 |   0.7
       Dungeon | 100.0 | 100.0 |   N/A |   N/A | 100.0 |   0.7
               +-------+-------+-------+-------+-------+----------------------

Table legend: (Time is in decaauts)
 A = Elapsed time spent in this place.
 B = Non-inter-level travel time spent in this place.
 C = Inter-level travel time spent in this place.
 D = Time resting spent in this place.
 E = Time spent auto-exploring this place.
 F = Levels seen in this place.
 G = Mean time per level.
                   A        B        C        D        E       F      G
               +--------+--------+--------+--------+--------+-----+--------+
         Total |    639 |    639 |      0 |    344 |    171 |   3 |  213.0 |
       Dungeon |    639 |    639 |      0 |    344 |    171 |   3 |  213.0 |
               +--------+--------+--------+--------+--------+-----+--------+

Top non-repeatable levels by time:
     D:4: 422 daAuts
     D:5: 214 daAuts
     D:6: 1 daAuts
